 Seeded DCSS version 0.29-a0-577-gafbf2c5d25 (webtiles) character file.

Game seed: 20220614 (custom seed)

1162 a11behringer the Poker (level 8, -2/68 HPs)
             Began as a Purple Draconian Berserker on June 14, 2022.
             Was an Elder of Trog.
             Killed from afar by an electric eel (11 damage)
             ... with a bolt of electricity
             ... on level 5 of the Dungeon.
             The game lasted 00:14:17 (4218 turns).

a11behringer the Poker (Purple Draconian Berserker) Turns: 4218, Time: 00:14:18

Health: -2/68      AC:  7    Str: 22    XL:     8   Next: 17%
Magic:  8/8        EV: 17    Int:  8    God:    Trog [****..]
Gold:   330        SH:  5    Dex: 10    Spells: 7/7 levels left

rFire   . . .      SeeInvis .   j - +2 spear (vorpal)
rCold   + . .      Faith    .   (no shield)
rNeg    . . .      Spirit   .   (body armour unavailable)
rPois   .          Reflect  +   (helmet restricted)
rElec   .          Harm     .   (no cloak)
rCorr   .          Rampage  .   b - +0 pair of gloves
Will    +....                   (no boots)
Stlth   ++........              m - amulet of reflection
HPRegen 0.21/turn               r - ring of protection from cold
MPRegen 0.11/turn               s - +4 ring of evasion

@: short of breath
A: breathe power, AC +6, unfitting armour, cold-blooded
a: Breathe Dispelling Energy, Renounce Religion, Berserk, Trog's Hand, Brothers
in Arms


You were on level 5 of the Dungeon.
You worshipped Trog.
Trog was greatly pleased with you.
You visited 1 branch of the dungeon, and saw 5 of its levels.

You collected 330 gold pieces.

Inventory:

Hand Weapons
 a - a +0 hand axe
 j - a +2 vorpal spear (weapon)
 o - a +0 halberd
 t - a +1 spear of flaming
Armour
 b - a +0 pair of gloves (worn)
Jewellery
 m - an amulet of reflection (around neck)
 r - a ring of protection from cold (left hand)
 s - a +4 ring of evasion (right hand)
Wands
 p - a wand of flame (15)
 v - a wand of mindburst (13)
Scrolls
 e - 3 scrolls of silence
 i - 2 scrolls of vulnerability
 k - a scroll of fear
Potions
 c - 2 potions of lignification
 d - a potion of curing {unknown}
 f - 4 potions of heal wounds
 g - 2 potions of berserk rage
 h - 2 potions of ambrosia
 l - 3 potions of might {unknown}
 n - a potion of attraction {unknown}
 q - a potion of haste {unknown}


   Skills:
 + Level 5.0 Fighting
 - Level 5.2(6.3) Axes
 * Level 5.5(6.5) Polearms
 + Level 4.6 Dodging
 + Level 1.7 Stealth
 + Level 1.8 Shields
 * Level 1.5 Evocations


You had 7 spell levels left.
You didn't know any spells.
Your spell library was empty.

Dungeon Overview and Level Annotations

Branches:
Dungeon (5/15)
 Temple: D:4-7

Altars:
Cheibriados
Elyvilon
Hepliaklqana
Okawaru
Uskayaw
The Shining One

Shops:
D:3 (   D:4 [

Annotations:
D:5 1 transporter


Innate Abilities, Weirdness & Mutations

You can breathe bolts of dispelling energy.
Your rich purple scales are hard. (AC +6)
You cannot fit into any form of body armour.
You are cold-blooded and may be slowed by cold attacks.


Message History

l - 3 viscous white potions (gained 1)
There is a transporter here.
e - 3 scrolls of silence (gained 1)
There is a transporter here.
You enter the transporter and appear at another place.
p - a wand of flame (15)
You open the door.
There is an open door here.
The electric eel shoots out a bolt of lightning at you!
The bolt of electricity misses you.
The bolt of electricity hits the electric eel.
The electric eel completely resists.
The bolt of electricity misses the electric eel.
The bolt of electricity misses you.
You closely miss the electric eel. You puncture the electric eel!
You tail-slap the electric eel.
The electric eel is severely wounded.
The electric eel shoots out a bolt of lightning at you!
The bolt of electricity hits you!
The bolt of electricity misses the electric eel.
The bolt of electricity hits the electric eel.
The electric eel completely resists.
The bolt of electricity hits you.
You puncture the electric eel!
You kill the electric eel!
Trog accepts your kill.
The electric eel shoots out a bolt of lightning at you!
The bolt of electricity hits you! x2
Aiming: Breathe Dispelling Energy (4% risk of failure)
Press: ? - help, Shift-Dir - straight line, f - electric eel
Aim: an electric eel (31% to hit)
You breathe a bolt of dispelling energy.
The bolt of dispelling energy misses the electric eel.
The electric eel shoots out a bolt of lightning at you!
The bolt of electricity hits you.
* * * LOW HITPOINT WARNING * * *
The bolt of electricity hits you!
* * * LOW HITPOINT WARNING * * *
The electric eel shoots out a bolt of lightning at you!
The bolt of electricity misses you. The bolt of electricity hits you!
You die...

#.# #.###+###.### #.#
#.#≈...≈#.# #.#
#.#≈...≈#.##. #.#####
#.#≈...≈#.#..
#.....###.#≈$⌠.≈#....
#.###.....#≈...≈#.!...
#.# #####.#≈...≈#.....
#.# #.#≈...S#.... #.#
#.###@###.... #.#
###.#P...P#.#.. ...
#...#8.©.8#.# ...
#.#.#######[#
...#.†..©....# ###
###....#.##
#.#.##........
#.#.###.####.# #.#.#
.#


You could see an electric eel.

Vanquished Creatures
  Grinder (D:3)
  An ice beast (D:4)
  An ogre (D:4)
  A centaur (D:5)
  3 kobold brigands (D:4)
  An electric eel (D:5)
  A gnoll shaman (D:4)
  A hound (D:5)
  Jessica (D:2)
  2 iguanas (D:4)
  An orc wizard (D:5)
  14 gnolls (D:4)
  5 adders
  3 dart slugs
  3 orcs (D:5)
  7 bats
  6 endoplasms
  3 giant cockroaches
  10 goblins
  11 hobgoblins
  6 quokkas
  9 ball pythons
  5 frilled lizards (D:1)
  45 kobolds
  5 rats
146 creatures vanquished.

Notes
Turn   | Place    | Note
-------+----------+-------------------------------------------
     0 | D:1      | a11behringer the Draconian Berserker began the quest for
                  | the Orb.
     0 | D:1      | Reached XP level 1. HP: 19/19 MP: 1/1
    93 | D:1      | Reached XP level 2. HP: 26/26 MP: 2/2
   511 | D:1      | Reached ** piety under Trog
   666 | D:1      | Reached XP level 3. HP: 31/31 MP: 3/3
  1111 | D:2      | Found a hide-covered altar of Uskayaw.
  1334 | D:2      | Noticed Jessica
  1341 | D:2      | Killed Jessica
  1342 | D:2      | Reached XP level 4. HP: 34/40 MP: 4/4
  1390 | D:2      | Found a faded altar of an unknown god.
  1703 | D:3      | Found Jethracvy's Weapon Emporium.
  1945 | D:3      | Reached *** piety under Trog
  2187 | D:3      | Noticed Grinder
  2199 | D:3      | Paralysed by Grinder for 5 turns
  2213 | D:3      | Killed Grinder
  2214 | D:3      | Reached skill level 5 in Axes
  2214 | D:3      | Reached skill level 1 in Polearms
  2214 | D:3      | Reached skill level 1 in Stealth
  2214 | D:3      | Reached XP level 5. HP: 35/46 MP: 5/5
  2214 | D:3      | Reached XP level 6. HP: 40/52 MP: 6/6
  2718 | D:4      | Found an iron altar of Okawaru.
  2721 | D:4      | Found a hazy altar of Hepliaklqana.
  2732 | D:4      | Found a glowing golden altar of the Shining One.
  2745 | D:4      | Found a snail-covered altar of Cheibriados.
  2748 | D:4      | Found a white marble altar of Elyvilon.
  2816 | D:4      | Found Bunig's Armour Shop.
  2818 | D:4      | Reached skill level 1 in Shields
  2898 | D:4      | Noticed an ice beast
  2917 | D:4      | Killed an ice beast
  2981 | D:4      | Your scales start taking on a rich purple colour.
  2981 | D:4      | Reached XP level 7. HP: 38/60 MP: 7/7
  3641 | D:4      | Reached skill level 1 in Evocations
  3644 | D:4      | Reached **** piety under Trog
  4075 | D:5      | Entered Level 5 of the Dungeon
  4075 | D:5      | Found a transporter.
  4085 | D:5      | Reached skill level 5 in Fighting
  4085 | D:5      | Reached skill level 5 in Polearms
  4085 | D:5      | Reached XP level 8. HP: 59/68 MP: 8/8
  4171 | D:5      | Found a transporter.
  4218 | D:5      | Killed from afar by an electric eel

Illustrated notes

Levels and vault maps discovered:
D:1:      saegor_arrival_simple_a, layout_basic, hangedman_glass_teeth,
          minmay_door_square, minmay_misc_feat_chi,
          minmay_misc_feat_more_columns, minmay_misc_feat_nine_boxes
D:2:      layout_basic, ebering_ecumenical_altar_webs, basic_altar,
          kennysheep_generic_room_4, uniq_jessica
D:3:      layout_loops_ring, serial_shops, shop, kennysheep_generic_room_11,
          uniq_grinder
D:4:      minmay_goblin_kobold_castle, layout_loops_ring,
          minmay_overflow_temple_star_hex, serial_shops,
          nicolae_shop_advertising_works [nicolae_subvault_shop_adworks]
D:5:      gammafunk_steamed_eel, layout_loops_ring, grunt_qazlal_clouds,
          xom_redecorated, kennysheep_flooded_box, lemuel_flamethrower_2

Skill      XL: |  1  2  3  4  5  6  7 |
---------------+----------------------+-----
Dodging        | 3 4 |  4.6
Axes           | 4 5 |  5.2
Fighting       | 4 5 |  5.0
Polearms       | 1 2 5 |  5.5
Stealth        | 1 |  1.7
Shields        | 1 |  1.8
Evocations     | 1 |  1.5

Action                   |  1- 3 |  4- 6 |  7- 9 || total
-------------------------+-------+-------+-------++-------
Melee: Hand axe          |   103 |    51 |       ||   154
       Tailslap          |    12 |    16 |    20 ||    48
       Spear             |       |    88 |   203 ||   291
       Punch             |       |     1 |     1 ||     2
Invok: Trog's Hand       |       |     3 |     2 ||     5
       Berserk           |       |     1 |     2 ||     3
 Abil: Breathe Dispellin |       |       |     3 ||     3
  Use: Scroll            |       |     5 |     5 ||    10
 Stab: Sleeping          |       |     2 |     2 ||     4
Armor: Skin              |    26 |    29 |    40 ||    95
Dodge: Dodged            |    66 |    89 |   147 ||   302
Block: Other             |       |    22 |    53 ||    75
       Reflection        |       |       |     3 ||     3

Table legend: (Time is in decaauts)
 A = Elapsed time spent in this place.
 B = Non-inter-level travel time spent in this place.
 C = Inter-level travel time spent in this place.
 D = Time resting spent in this place.
 E = Time spent auto-exploring this place.
 F = Levels seen in this place.
 G = Mean time per level.
                   A        B        C        D        E       F      G
               +--------+--------+--------+--------+--------+-----+--------+
         Total |   4226 |   4009 |    217 |      0 |   3121 |   5 |  845.2 |
       Dungeon |   4226 |   4009 |    217 |      0 |   3121 |   5 |  845.2 |
               +--------+--------+--------+--------+--------+-----+--------+

Top non-repeatable levels by time:
     D:4: 1562 daAuts
     D:1: 982 daAuts
     D:3: 828 daAuts
     D:2: 718 daAuts
     D:5: 134 daAuts
